 Dungeon Crawl Stone Soup version 0.27.0-1-g7a089689b8 (webtiles) character file.

Game seed: 18188171697543537133

4 nicksoapdish the Scratcher (level 1, 0/9 HPs)
             Began as a Felid Transmuter on Aug 3, 2021.
             Slain by a goblin (3 damage)
             ... on level 1 of the Dungeon.
             The game lasted 00:02:06 (273 turns).

nicksoapdish the Scratcher (Felid Transmuter)        Turns: 273, Time: 00:02:07

Health: 0/9        AC:  1    Str:  6    XL:     1   Next: 58%
Magic:  4/4        EV: 17    Int: 14    God:
Gold:   0          SH:  0    Dex: 16    Spells: 3/4 levels left
                                        Lives:  0   Deaths: 0

rFire    . . .     SeeInvis +     - Unarmed
rCold    . . .     Faith    .   (shield unavailable)
rNeg     . . .     Spirit   .   (armour unavailable)
rPois    .         Reflect  .   (helmet unavailable)
rElec    .         Harm     .   (cloak unavailable)
rCorr    .         Rampage  .   (gloves unavailable)
Will     .....                  (boots unavailable)
Stlth    ++........             (no amulet)
HPRegen  0.03/turn              (no ring)
MPRegen  0.09/turn              (no ring)

@: quick
A: very small, claws 1, fangs 3, see invisible, speed 1, shaggy fur 1, stealthy
paws, no weapons or thrown items, no armour, multi-lived
a: no special abilities


You were on level 1 of the Dungeon.
You visited 1 branch of the dungeon, and saw 1 of its levels.

Inventory:

Jewellery
 b - a ring of fire
Scrolls
 a - a scroll of identify


   Skills:
 + Level 1.0 Fighting
 + Level 2.7 Dodging
 * Level 0.9 Stealth
 + Level 3.1 Unarmed Combat
 * Level 2.0 Spellcasting
 * Level 2.2 Transmutations


You had 3 spell levels left.
You knew the following spells:

 Your Spells              Type           Power      Damage    Failure   Level
a - Beastly Appendage     Tmut           14%        N/A       10%         1

Your spell library contained the following spells:

 Spells                   Type           Power      Damage    Failure   Level
 Wereblood                Tmut           7%         N/A       14%         2
 Spider Form              Tmut/Pois      2%         N/A       41%         3
 Ice Form                 Ice/Tmut       4%         N/A       83%         4


Dungeon Overview and Level Annotations

Branches:
Dungeon (1/15)

Altars:


Innate Abilities, Weirdness & Mutations

You have sharp claws.
You have razor-sharp teeth.
You have supernaturally acute eyesight. (SInv)
You cover ground quickly. (Speed+)
You are covered in fur. (AC +1)
Your paws help you pounce on unaware monsters.
You are incapable of wielding weapons or throwing items.
You cannot wear armour.
You gain extra lives every three experience levels.


Message History

You scratch the bat.
The bat is moderately wounded.
The bat hits you but does no damage. The bat closely misses you.
You closely miss the bat. The bat misses you. The bat closely misses you.
You barely miss the bat. The bat misses you. x2
You closely miss the bat. The bat completely misses you.
The bat barely misses you.
You scratch the bat.
You kill the bat!
Sorry, you're not good enough to have a special ability.
A goblin comes into view. It is wielding a +0 dagger.
You barely miss the endoplasm.
The goblin shouts!
The endoplasm freezes you.
You are frozen!
You feel a terrible chill!
Ouch! That really hurt!
* * * LOW HITPOINT WARNING * * *
You can't remove your fur, sorry.
What are your orders? t - Meow!
Orders for allies: a - Attack new target. r - Retreat! s - Stop attacking. g - Guard the area. f - Follow me.
Anything else - Cancel.
Okay, then.
You remove your ring of fire.
The endoplasm jiggles.
You enter the shallow water.
Moving in this stuff is going to be slow.
Found a scroll labelled XOVYOV ZUICLE.
Found 16 bolts.
a - 2 scrolls labelled XOVYOV ZUICLE (gained 1)
As you read the scroll labelled XOVYOV ZUICLE, it crumbles to dust.
It is a scroll of identify.
You don't have any unidentified items.
You start resting.
A goblin is nearby!
You barely miss the goblin. The goblin hits you with a +0 dagger.
You die...

########### #.........#
#.........###
#.........@(#
######..###g##
##..##..######## .#.
##..#.........# .... ##
##.#######...# ....
..####...####....÷# ..#.
....#..≈..#.....#)###....
..≈....≈....≈..8#.#......
...≈..≈≈≈.J≈...##......#


You could see a goblin.

Vanquished Creatures
  A bat (D:1)
  An endoplasm (D:1)
  A kobold (D:1)
  A rat (D:1)
4 creatures vanquished.

Vanquished Creatures (others)
  5 plants (D:1)
5 creatures vanquished.

Grand Total: 9 creatures vanquished

Notes
Turn   | Place    | Note
-------+----------+-------------------------------------------
     0 | D:1      | nicksoapdish the Felid Transmuter began the quest for the
                  | Orb.
     0 | D:1      | Reached XP level 1. HP: 9/9 MP: 4/4
   273 | D:1      | Slain by a goblin

Illustrated notes

Levels and vault maps discovered:
D:1:      eino_arrival_water_star, layout_rooms, kennysheep_boxes

Action                   || total
-------------------------++-------
Melee: Unarmed           ||    17
  Use: Scroll            ||     1
Armor: Skin              ||     2
Dodge: Dodged            ||    12
